 Dungeon Crawl Stone Soup version 0.31-a0-1591-g515db51633 (webtiles) character file.

Game seed: 15657198658060649227

2753 Flugslaktarn the Toxicologist (level 9, -10/58 HPs)
             Began as an Octopode Alchemist on Jan 6, 2024.
             Mangled by Joseph
             ... wielding a +0 quarterstaff
              (21 damage)
             ... on level 7 of the Dungeon.
             The game lasted 00:10:47 (3187 turns).

Flugslaktarn the Toxicologist (Octopode Alchemist)  Turns: 3187, Time: 00:10:48

Health: -10/58     AC:  1    Str:  5 (7)  XL:     9   Next: 68%
Magic:  12/20      EV: 16    Int: 20 (21) God:
Gold:   169        SH:  0    Dex: 15 (16) Spells: 14/23 levels left

rFire   . . .        o - +4 mace of Uxkuceadd {spect, *Noise Fly Dex+3}
rCold   . . .        (no shield)
rNeg    . . .        (helmet restricted)
rPois   .            C - amulet of magic regeneration
rElec   .            j - ring of wizardry
rCorr   .            (no ring)
SInv    .            (no ring)
Will    .....        (no ring)
Stlth   +++          (no ring)
HPRegen 0.29/turn    (no ring)
MPRegen 0.57/turn    (no ring)
                     (no ring)

%: wizardry (x1)
@: attractive, flying, studying Dodging
A: almost no armour, amphibious, 8 rings, camouflage 1, gelatinous body 1,
(nimble swimmer 1), tentacles
a: no special abilities


You were on level 7 of the Dungeon.
You visited 1 branch of the dungeon, and saw 7 of its levels.
You also visited: Sewer.

You collected 300 gold pieces.
You spent 131 gold pieces at shops.

Inventory:

Hand Weapons
 b - a +0 dagger
   (You took it off a goblin on level 1 of the Dungeon)
 e - a +1 dagger of venom
   (You took it off an orc on level 4 of the Dungeon)
 h - a +2 dagger of protection
   (You took it off a goblin on level 2 of the Dungeon)
 k - a +4 whip of electrocution
   (You took it off a kobold in a sewer)
 m - a +1 dagger of draining
   (You took it off a kobold on level 2 of the Dungeon)
 o - the +4 mace of Uxkuceadd (weapon) {spect, *Noise Fly Dex+3}
   (You found it on level 5 of the Dungeon)

   Dex+3:     It affects your dexterity (+3).
   Fly:       It grants you flight.
   *Noise:    It may make a loud noise when swung.
 s - a +1 rapier of venom
   (You took it off a hobgoblin on level 4 of the Dungeon)
Missiles
 i - 2 curare-tipped darts
 y - a throwing net
Jewellery
 j - a ring of wizardry (left tentacle)
   (You found it on level 5 of the Dungeon)
 C - an amulet of magic regeneration (around mantle)
   (You found it on level 6 of the Dungeon)
Talismans
 g - a flux talisman
   (You found it on level 2 of the Dungeon)
 l - a serpent talisman
   (You found it on level 2 of the Dungeon)
 w - a maw talisman
   (You found it on level 6 of the Dungeon)
Wands
 v - a wand of light (5)
   (You found it on level 6 of the Dungeon)
 B - a wand of mindburst (11)
   (You found it on level 7 of the Dungeon)
Scrolls
 d - 3 scrolls of immolation
 n - 2 scrolls of vulnerability
 r - a scroll of identify
 t - 3 scrolls of teleportation
 z - a scroll of revelation
 A - a scroll of fog
Potions
 a - a potion of magic
 c - a potion of haste {unknown}
 f - a potion of attraction
 p - a potion of degeneration
 q - a potion of curing
 u - a potion of might {unknown}
 x - a potion of heal wounds {unknown}
 D - a potion of resistance {unknown}


   Skills:
 - Level 4.0 Fighting
 - Level 7.0 Dodging
 - Level 2.6 Stealth
 + Level 7.7 Spellcasting
 - Level 1.0 Conjurations
 - Level 4.0 Fire Magic
 - Level 8.0 Alchemy


You had 14 spell levels left.
You knew the following spells:

 Your Spells              Type           Power      Damage    Failure   Level
a - Sting                 Conj/Alch      100%       1d9       1%          1
b - Olgreb's Toxic Radia  Alch           39%        N/A       1%          4
c - Sticky Flame          Fire/Alch      31%        2d7       3%          4

Your spell library contained the following spells:

 Spells                   Type           Power      Damage    Failure   Level
 Mercury Vapours          Alch/Air       46%        N/A       1%          2
 Slow                     Hex            28%        N/A       3%          1
 Mephitic Cloud           Conj/Alch/Air  19%        N/A       3%          3
 Confusing Touch          Hex            7%         N/A       11%         3
 Sigil of Binding         Hex            7%         N/A       11%         3
 Vampiric Draining        Necr           7%         2d6       11%         3
 Cause Fear               Hex            3%         N/A       32%         4
 Fireball                 Conj/Fire      8%         3d6       32%         5
 Dragon's Call            Summ           3%         N/A       100%        9


Dungeon Overview and Level Annotations

Branches:
Dungeon (7/15)              Sewer (visited)
 Temple: D:4-7

Altars:
Fedhas
Makhleb
Okawaru
Ru
Trog
Uskayaw
Xom
Yredelemnul

Shops:
D:4 =*[*

Annotations:
D:5 3 runed translucent doors, t4s4d4r's ghost, novice OpSh
D:7 Joseph


Innate Abilities, Weirdness & Mutations

You cannot wear most types of armour.
You are amphibious.
You can wear up to eight rings at the same time.
Your skin changes colour to match your surroundings (Stealth+).
Your rubbery body absorbs attacks. (AC +1, EV +1)
((You are camouflaged when in or above water. (Stealth+)))
You have tentacles for arms and can constrict up to eight enemies at once.


Message History

The orc is poisoned.
The orc hits you with a +0 trident.
Things that are here:
a +0 short sword; an orc corpse You barely miss the orc.
Your mace of Uxkuceadd sighs, "I'm going to miss you when you're dead, Flugslaktarn."
You grab the orc. You squeeze the orc.
You kill the orc!
Your toxic aura wanes.
No target in view!
Things that are here:
a +0 trident; a +0 mace
Things that are here:
a +0 flail; a +0 leather armour; an orc corpse
Things that are here:
a +0 trident; a +0 mace
Found a potion of curing.
A phantom comes into view.
Found 11 gold pieces.
You see here 11 gold pieces.
You now have 169 gold pieces (gained 11).
The phantom attacks as it pursues you! The phantom completely misses you.
You see here a potion of curing.
q - a potion of curing
C - an amulet of magic regeneration (around mantle)
The phantom misses you.
You miss the phantom.
Your +4 mace of Uxkuceadd {spect, *Noise Fly Dex+3} hits the phantom but does no damage.
The phantom hits you but does no damage.
You hit the phantom but do no damage.
Your +4 mace of Uxkuceadd {spect, *Noise Fly Dex+3} hits the phantom.
The phantom barely misses you. The phantom hits you.
The phantom blinks!
You blink.
You barely miss the phantom.
The phantom is lightly damaged.
Your +4 mace of Uxkuceadd {spect, *Noise Fly Dex+3} hits the phantom.
The phantom hits you.
The phantom blinks!
You blink.
Found a stone staircase leading down.
You closely miss the phantom.
The phantom is lightly damaged.
Your +4 mace of Uxkuceadd {spect, *Noise Fly Dex+3} hits the phantom!
The phantom barely misses you.
You hit the phantom.
The phantom is severely damaged.
Your +4 mace of Uxkuceadd {spect, *Noise Fly Dex+3} hits the phantom.
The phantom misses your +4 mace of Uxkuceadd {spect, *Noise Fly Dex+3}.
The phantom hits your +4 mace of Uxkuceadd {spect, *Noise Fly Dex+3}.
Your spectral weapon shares its damage with you!
You hit the phantom.
The phantom is almost destroyed.
Your +4 mace of Uxkuceadd {spect, *Noise Fly Dex+3} hits the phantom.
You destroy the phantom!
No target in view!
Found a smoky white potion.
Your +4 mace of Uxkuceadd {spect, *Noise Fly Dex+3} disappears.
D - a smoky white potion You enter a teleport trap!
The teleport trap disappears.
Your surroundings suddenly seem different.
Joseph and an orc come into view.
Found 22 gold pieces.
Found an escape hatch in the ceiling.
Unknown command.
Found 4 stones.
Casting: Olgreb's Toxic Radiance (dangerous; 1% risk of failure)
Confirm with . or Enter, or press ? or * to list all spells.
You can't see any susceptible monsters within range! (Use Z to cast anyway.)
Casting: Olgreb's Toxic Radiance (dangerous; 1% risk of failure)
Confirm with . or Enter, or press ? or * to list all spells.
You begin to radiate toxic energy.
The orc is poisoned.
Joseph is poisoned.
The orc looks even sicker.
You kill the orc!
Joseph unwields a +0 quarterstaff.
Joseph wields a +0 sling.
Joseph shoots a sling bullet.
The sling bullet hits you!
Joseph looks even sicker.
Joseph screams, "I'm going to kill you!
Now!"
Your toxic aura wanes.
Casting: Olgreb's Toxic Radiance (dangerous; 1% risk of failure)
Confirm with . or Enter, or press ? or * to list all spells.
You begin to radiate toxic energy.
Joseph looks even sicker.
Joseph shoots a sling bullet.
The sling bullet hits you!
It was a potion of degeneration.
There was something very wrong with that liquid.
You feel weakened.
You feel dopey.
You feel clumsy.
Joseph looks as sick as possible!
Your toxic aura wanes.
Joseph shoots a sling bullet.
The sling bullet hits you!!
* * * LOW HITPOINT WARNING * * *
Okay, then.
It was a potion of attraction.
You feel attractive to monsters.
Joseph shoots a sling bullet.
The sling bullet closely misses you. Joseph is attracted toward you.
Casting: Olgreb's Toxic Radiance (dangerous; 1% risk of failure)
Confirm with . or Enter, or press ? or * to list all spells.
Aiming: Sticky Flame (dangerous; 3% risk of failure)
Press: ? - help, Shift-Dir - straight line, f - Joseph
Aim: Joseph, wielding a +0 sling and wearing a +0 leather armour (moderately wounded, extremely poisoned)
The sticky flame hits Joseph!
Joseph is heavily wounded.
Joseph burns!
Joseph unwields a +0 sling.
Joseph wields a +0 quarterstaff.
Joseph hits you with a +0 quarterstaff!!
You die...

............# #. ##########..# ##.
.#######. ............# #..
........... ##########.....#.####
...#####...
#.........#.#..#....#....##..'...
#.........#+#.......#....##.##...
............ ##.#..#..#.## #...
#............ #.#......<##.##...
#.............##@#.......##..'...
#.........#.(...@##...)..#####...
##'########.#....ยง..$....#####...
##'## #######.............. ....#
.........###.## ....#
......##..##.# ....# .......#
#..#.## ##'## ......## #..... #.#
....#### ###...


You could see Joseph (burning, extremely poisoned).

Vanquished Creatures
  Pikel (D:4)
  Grinder (D:5)
  Menkaure (D:5)
  2 water moccasins
  2 black bears (D:6)
  An ice beast (D:5)
  2 ogres
  A phantom (D:7)
  4 kobold brigands (Sewer)
  A brain worm (D:4)
  A bullfrog (D:7)
  2 scorpions
  3 bombardier beetles
  An orc priest (D:4)
  6 hounds
  Jessica (D:2)
  2 iguanas (D:6)
  An orc wizard (D:5)
  Natasha (twice) (D:2)
  13 adders
  3 river rats
  A white imp (D:6)
  2 ufetubi (D:6)
  4 ribbon worms
  4 dart slugs
  13 orcs
  7 endoplasms
  2 giant cockroaches
  8 goblins
  5 hobgoblins
  10 kobolds
  A quokka (D:1)
  7 ball pythons
  3 bats (D:1)
  3 frilled lizards
  11 rats
132 creatures vanquished.

Notes
Turn   | Place    | Note
-------+----------+-------------------------------------------
     0 | D:1      | Flugslaktarn the Octopode Alchemist began the quest for the
                  | Orb.
     0 | D:1      | Reached XP level 1. HP: 11/11 MP: 3/3
   114 | D:1      | Reached XP level 2. HP: 10/17 MP: 1/5
   170 | D:2      | Noticed Natasha
   205 | D:2      | Killed Natasha
   206 | D:2      | Reached skill level 4 in Alchemy
   206 | D:2      | Reached XP level 3. HP: 7/21 MP: 1/6
   446 | D:2      | Noticed Jessica
   451 | D:2      | Killed Jessica
   452 | D:2      | Reached XP level 4. HP: 27/27 MP: 6/8
   533 | D:2      | Learned a level 4 spell: Olgreb's Toxic Radiance
   555 | D:2      | Noticed Natasha
   559 | D:2      | Killed Natasha
   560 | D:2      | Reached skill level 5 in Alchemy
   655 | D:2      | Reached XP level 5. HP: 31/31 MP: 7/9
   832 | D:3      | Found a bloodstained altar of Trog.
   835 | D:3      | Found a sacrificial altar of Ru.
   838 | D:3      | Found a hide-covered altar of Uskayaw.
   931 | D:4      | Found a burning altar of Makhleb.
   947 | D:4      | Noticed a lemure
   947 | D:4      | Noticed a lemure
   949 | D:4      | Noticed Pikel
   949 | D:4      | Noticed a lemure
   957 | D:4      | Noticed a lemure
   959 | D:4      | Killed Pikel
   960 | D:4      | Reached skill level 8 in Alchemy
   960 | D:4      | Reached XP level 6. HP: 36/36 MP: 2/13
   960 | D:4      | Reached XP level 7. HP: 41/41 MP: 2/14
   965 | D:4      | Learned a level 4 spell: Sticky Flame
  1037 | D:4      | Found Olidgh's Antique Armour Emporium.
  1052 | D:4      | Found Rios's Assorted Antiques.
  1060 | D:4      | Reached skill level 1 in Fire Magic
  1061 | D:4      | Found a shimmering altar of Xom.
  1064 | D:4      | Bought a scroll labelled CUW YFOTUJA for 28 gold pieces
  1064 | D:4      | Bought a scroll labelled ELAUMI NOERPH for 28 gold pieces
  1064 | D:4      | Bought a scroll labelled ELAUMI NOERPH for 28 gold pieces
  1078 | D:4      | Found a shimmering altar of Xom.
  1082 | D:4      | Reached skill level 5 in Spellcasting
  1098 | D:4      | Reached XP level 8. HP: 12/46 MP: 2/15
  1203 | D:4      | Found Xesam's Jewellery Boutique.
  1226 | D:4      | Found a glowing drain.
  1238 | Sewer    | Entered a sewer
  1350 | Sewer    | Reached skill level 1 in Fighting
  2014 | D:5      | Entered Level 5 of the Dungeon
  2025 | D:5      | Reached skill level 5 in Dodging
  2031 | D:5      | Noticed Menkaure
  2038 | D:5      | Killed Menkaure
  2140 | D:5      | Noticed Grinder
  2165 | D:5      | Reached XP level 9. HP: 46/58 MP: 8/16
  2181 | D:5      | Found a blossoming altar of Fedhas.
  2275 | D:5      | Found a runed translucent gate.
  2275 | D:5      | Found a runed translucent gate.
  2284 | D:5      | Noticed t4s4d4r's ghost (novice OpSh)
  2285 | D:5      | Found a runed translucent gate.
  2287 | D:5      | Identified the +0 ring mail of Ziro {rPois Will- Int+4}
  2302 | D:5      | Identified the +4 mace of Uxkuceadd {spect, *Noise Fly
                  | Dex+3}
  2341 | D:5      | Paralysed by Grinder for 5 turns
  2371 | D:4      | Found Haasoera's Assorted Antiques.
  2374 | D:4      | Bought a scroll labelled IXIGEE CECEMM for 25 gold pieces
  2374 | D:4      | Bought a dark potion for 22 gold pieces
  2647 | D:5      | Paralysed by Grinder for 4 turns
  2651 | D:5      | Killed Grinder
  2995 | D:7      | Found an iron altar of Okawaru.
  2997 | D:7      | Found a basalt altar of Yredelemnul.
  3177 | D:7      | Noticed Joseph
  3187 | D:7      | Mangled by Joseph

Illustrated notes

Levels and vault maps discovered:
D:1:      ncdulo_wetmaze, layout_rooms
D:2:      layout_loops_ring, uniq_jessica, uniq_natasha
D:3:      layout_loops_ring, grunt_temple_overflow_diamond, grunt_ministairs_13,
          minmay_misc_feat_iff
D:4:      layout_loops_ring, mainiacjoe_overflow_brackets, xom_redecorated,
          minmay_temple_entry_trees, portal_sewer_entry_c, serial_shops,
          nicolae_stop_n_shop_2, shop, shop, kennysheep_mini_moat, shop,
          uniq_pikel
D:5:      layout_rooms, fedhas_altar_2, biasface_ghost_orc_armoury,
          uniq_grinder, uniq_menkaure
D:6:      layout_cave_pools
D:7:      layout_basic, mainiacjoe_overflow_large_starburst, uniq_joseph

Skill      XL: |  1  2  3  4  5  6  7  8  9 |
---------------+----------------------------+-----
Alchemy        | 4 5 8 |  8.0
Spellcasting   | 3 4 5 7 |  7.7
Fire Magic     | 3 4 |  4.0
Fighting       | 4 |  4.0
Dodging        | 6 7 |  7.0
Stealth        | |  2.6
Conjurations   | |  1.0

Action                     |  1- 3 |  4- 6 |  7- 9 || total
---------------------------+-------+-------+-------++-------
  Melee: Dagger            |    16 |    34 |    57 ||   107
         Constrict         |     4 |     7 |    21 ||    32
         Tentacles         |     3 |     9 |    24 ||    36
         Mace              |       |       |    31 ||    31
         Punch             |       |       |     2 ||     2
   Cast: Sting             |    29 |    18 |    43 ||    90
         Olgreb's Toxic Ra |       |     1 |    31 ||    32
         Sticky Flame      |       |       |     6 ||     6
    Use: Potion            |       |     1 |     4 ||     5
         Scroll            |       |       |    13 ||    13
   Stab: Sleeping          |     1 |     2 |     7 ||    10
 Armour: Skin              |    13 |    13 |    56 ||    82
  Dodge: Dodged            |    17 |    18 |    60 ||    95

Table legend: (Time is in decaauts)
 A = Elapsed time spent in this place.
 B = Non-inter-level travel time spent in this place.
 C = Inter-level travel time spent in this place.
 D = Time resting spent in this place.
 E = Time spent auto-exploring this place.
 F = Levels seen in this place.
 G = Mean time per level.
                   A        B        C        D        E       F      G
               +--------+--------+--------+--------+--------+-----+--------+
         Total |   3219 |   2961 |    258 |    115 |    829 |   8 |  402.4 |
       Dungeon |   2509 |   2251 |    258 |      0 |    455 |   7 |  358.4 |
         Sewer |    709 |    709 |      0 |    115 |    374 |   1 |  709.0 |
               +--------+--------+--------+--------+--------+-----+--------+

Top non-repeatable levels by time:
   Sewer: 709 daAuts
     D:4: 672 daAuts
     D:5: 435 daAuts
     D:2: 410 daAuts
     D:6: 318 daAuts
     D:1: 314 daAuts
     D:7: 205 daAuts
     D:3: 153 daAuts
